AoeStats
← disMAnTTled

Arabia

503201537Analyzed
1v1 RM · 2mo ago on Aug 30, 2026· 46m 26s· 2 players
Game mode
Random Map
Map size
Tiny (2 player)
Population
200
Speed
Normal
Resources
Standard
Victory
Conquest
Starting age
Dark Age
Ending age
Imperial Age
RankedLock teamsTeams togetherTeam positionsShared explorationLock speedFull tech treeHidden civsTurbo modeCheats
Victory
Defeat
🇩🇪 Malians · Germany
1232
+16
vs
🇨🇦 Ethiopians · Canada
1228
-16
disMAnTTled
7:14 Loom
9:36 Feudal Age
10:12 Double-Bit Axe
20:08 Castle Age
17:51 Horse Collar
18:10 Fletching
18:27 Stone Mining
19:37 Scale Mail Armor
19:48 Forging
20:15 Padded Archer Armor
20:18 Gold Mining
21:04 Bow Saw
20:23 Crossbowman
22:14 Chain Mail Armor
22:09 Squires
22:43 Arson
24:41 Bodkin Arrow
28:11 Heavy Plow
30:53 Wheelbarrow
32:07 Iron Casting
36:12 Hand Cart
37:29 Ballistics
39:08 Royal Heirs
39:33 Masonry
39:40 Thumb Ring
43:00 Imperial Age
41:56 Leather Archer Armor
43:05 Arbalester
44:07 Bracer
44:37 Ring Archer Armor
44:37 Plate Mail Armor
45:08 Blast Furnace
Torti
7:29 Loom
9:44 Feudal Age
10:13 Double-Bit Axe
16:18 Fletching
17:02 Padded Archer Armor
18:53 Wheelbarrow
21:35 Castle Age
20:15 Horse Collar
21:41 Scale Barding Armor
21:46 Forging
22:08 Bloodlines
22:08 Elite Skirmisher
22:50 Bodkin Arrow
23:43 Bow Saw
24:48 Husbandry
27:23 Chain Barding Armor
31:30 Forging
34:54 Hand Cart
38:38 Imperial Age
38:32 Heavy Plow
39:20 Iron Casting
38:47 Cavalier
40:03 Plate Barding Armor
40:35 Chemistry
41:49 Farimba
42:47 Crop Rotation
45:27 Light Cavalry
Connection lost

Rejoining the realm…

Still unreachable

The connection could not be restored.

Session expired

The server has moved on; the page needs a fresh start.